 Dungeon Crawl Stone Soup version 0.23-a0-316-g6773f7a52e (webtiles) character file.

28459 Flugkiller the Spear-Bearer (level 13, 0/92 HPs)
             Began as a Centaur Monk on Oct 13, 2018.
             Was an Elder of Hepliaklqana.
             Killed from afar by a frost giant (45 damage)
             ... with a bolt of cold
             ... in an ice cave on Oct 14, 2018.
             The game lasted 00:45:20 (18779 turns).

Flugkiller the Spear-Bearer (Centaur Monk)         Turns: 18779, Time: 00:45:20

Health: 0/92       AC: 11    Str: 16    XL:     13   Next: 9%
Magic:  13/17      EV: 12    Int:  9    God:    Hepliaklqana [****..]
Gold:   1000       SH: 10    Dex: 15    Spells: 12/12 levels left

rFire    . . .     SeeInvis .   m - +0 trident (vamp)
rCold    . . .     Gourm    .   d - +0 shield
rNeg     . . .     Faith    .   G - +0 troll leather armour
rPois    +         Spirit   .   h - +0 helmet
rElec    .         Reflect  .   n - +0 cloak
rCorr    .         Harm     .   e - +2 pair of gloves
MR       .....                  (no barding)
Stlth    ++........             M - amulet of regeneration
HPRegen  1.05/turn              q - ring of poison resistance
MPRegen  0.15/turn              (no ring)

@: very slow
A: large, reduced essence, hooves 3, deformed body, speed 2, tough skin 3
a: Recall Ancestor, Ancestor Identity, Transference, Idealise, Renounce Religion


You were in an ice cave.
You worshipped Hepliaklqana.
Hepliaklqana was greatly pleased with you.
You were not hungry.

You visited 3 branches of the dungeon, and saw 15 of its levels.
You also visited: Ossuary and Ice Cave.

You collected 1000 gold pieces.

Inventory:

Hand Weapons
 m - a +0 vampiric trident (weapon)
 y - a +0 blowgun
Missiles
 H - 6 tomahawks (quivered)
 K - 27 poisoned needles
 L - 13 curare-tipped needles
Armour
 d - a +0 shield (worn)
 e - a +2 pair of gloves (worn)
 h - a +0 helmet (worn)
 n - a +0 cloak (worn)
 G - a +0 troll leather armour (worn)
 I - a +0 large shield
Jewellery
 q - a ring of poison resistance (left hand)
 M - an amulet of regeneration (around neck)
Wands
 k - a wand of acid (15)
 D - a wand of polymorph (8)
 F - a wand of iceblast (5)
 J - a wand of paralysis (13)
 N - a wand of flame (33)
Scrolls
 f - a scroll of fog
 i - 13 scrolls of remove curse
 l - a scroll of enchant weapon
 o - 13 scrolls of teleportation
 r - a scroll of fear
 s - a scroll of acquirement {unknown}
 t - 2 scrolls of amnesia
 u - 3 scrolls of enchant armour
 E - 3 scrolls of identify
Potions
 a - 3 potions of resistance
 b - a potion of haste
 g - 7 potions of curing
 j - a potion of cancellation
 p - 4 potions of lignification
 w - 2 potions of ambrosia
 x - 3 potions of mutation
 z - a potion of berserk rage
 B - 2 potions of might
 C - a potion of agility
 P - 2 potions of brilliance {unknown}
Miscellaneous
 A - a phial of floods (inert)
Comestibles
 c - 29 rations
 v - 11 chunks of flesh


   Skills:
 + Level 6.5 Fighting
 - Level 14.0 Polearms
 + Level 5.8 Throwing
 + Level 6.3 Armour
 + Level 6.3 Dodging
 - Level 1.3 Stealth
 - Level 5.0 Shields
 + Level 5.9 Invocations


You had 12 spell levels left.
You didn't know any spells.
Your spell library contained the following spells:

 Spells                   Type           Power        Failure   Level  Hunger
 Animate Skeleton         Necr           N/A          75%         1    ##.....
 Apportation              Tloc           #.....       75%         1    ##.....
 Confusing Touch          Hex            #.....       75%         1    ##.....
 Magic Dart               Conj           #...         75%         1    ##.....
 Sting                    Conj/Pois      #...         75%         1    ##.....
 Summon Small Mammal      Summ           #...         75%         1    ##.....
 Poisonous Vapours        Pois/Air       #.....       86%         2    ###....
 Searing Ray              Conj           #.....       86%         2    ###....
 Confuse                  Hex            #.......     98%         3    ####...
 Dazzling Spray           Conj/Hex       #.....       98%         3    ####...
 Gell's Gravitas          Tloc           #.........   98%         3    ####...
 Mephitic Cloud           Conj/Pois/Air  #.......     98%         3    ####...
 Spider Form              Tmut/Pois      #.........   98%         3    ####...
 Force Lance              Conj/Tloc      #.......     100%        4    #####..
 Fulminant Prism          Conj/Hex       #.........   100%        4    #####..
 Iskenderun's Mystic Bla  Conj           #.......     100%        4    #####..
 Olgreb's Toxic Radiance  Pois           #.......     100%        4    #####..
 Petrify                  Tmut/Erth      #.......     100%        4    #####..
 Metabolic Englaciation   Hex/Ice        #.........   100%        5    ######.
 Venom Bolt               Conj/Pois      #.........   100%        5    ######.
 Yara's Violent Unravell  Hex/Tmut       #.........   100%        5    ######.


Dungeon Overview and Level Annotations

Branches:
Dungeon (10/15)            Temple (1/1) D:5            Lair (4/6) D:10
 Spider (0/4) Lair:2
  Swamp: Lair:2-4    Shoals: Lair:2-4       Orc: D:9-12

Altars:
Ashenzari
Cheibriados
Dithmenos
Elyvilon
Fedhas
Gozag
Hepliaklqana
Kikubaaqudgha
Makhleb
Nemelex Xobeh
Okawaru
Qazlal
Ru
Sif Muna
Trog
Uskayaw
Vehumet
Wu Jian
Xom
Yredelemnul
Zin
The Shining One

Annotations:
D:3 1 runed door


Innate Abilities, Weirdness & Mutations

You have hooves in place of feet.
Armour fits poorly on your strangely shaped body.
You cover ground very quickly.
You have extremely tough skin. (AC +3)
Your life essence is reduced to manifest your ancestor. (-10% HP)


Message History

Press: ? - help, Dir - move target cursor, f/p - frost giant
Aim: a frost giant, wielding a battleaxe of freezing (severely wounded)
You reach to attack!
Your shield prevents you from hitting the frost giant.
The frost giant is severely wounded.
You are engulfed in freezing vapours.
You are too injured to fight recklessly!
Attack whom?
Press: ? - help, Dir - move target cursor, f/p - frost giant
Aim: a frost giant, wielding a battleaxe of freezing (severely wounded)
You reach to attack!
You hit the frost giant.
You feel better.
The frost giant is severely wounded.
You are engulfed in freezing vapours.
Big Mac hits the frost giant with a quarterstaff!!
The frost giant gestures at you while chanting.
The bolt of cold hits Big Mac.
Big Mac resists.
Big Mac is destroyed!
The bolt of cold hits you!
You die...

#≈## #...#.## #..##
#≈≈# #≈#....####.###
#≈≈###≈##.#.#.#.####
##≈≈#≈#####...#.###.
####≈≈≈#
####...÷##..
##.##≈≈##≈≈#
###..###.
#.⌠.##≈≈#≈≈##
##..##.
##R##≈≈≈≈≈≈≈##
######
#.###@#≈≈≈≈≈≈# #
##.##.≈#≈#≈≈≈≈
##R##C##≈≈≈#≈
##.#h.#≈≈≈≈≈
#..##.##≈≈#≈ #.###.#
≈≈≈≈ ##.#.## ≈≈#
#....# #.#.##


You could see a frost giant and a polar bear.

Vanquished Creatures
  A hydra (D:9)
  A two-headed ogre (D:8)
  A death yak (IceCv)
  Sonja (Lair:1)
  Pikel (D:4)
  2 black mambas
  Psyche (D:9)
  A spiny frog (Lair:1)
  A gargoyle (D:10)
  A rime drake (Lair:4)
  3 komodo dragons (Lair:1)
  6 polar bears (IceCv)
  Grinder (D:3)
  6 blink frogs
  5 dream sheep
  3 hippogriffs
  Sigmund (D:2)
  A wraith (Ossuary)
  2 wyverns
  A hungry ghost (D:8)
  A basilisk (Lair:3)
  14 yaks
  A steam dragon (D:9)
  2 water moccasins
  Duvessa (D:4)
  7 porcupines
  2 orc warriors
  4 ice beasts
  3 slaves (D:4)
  4 sky beasts
  4 ogres
  3 phantoms
  7 wolves (IceCv)
  4 centaurs
  A crocodile (Lair:1)
  10 bullfrogs
  3 big kobolds
  A gnoll sergeant (D:9)
  A water moccasin zombie (D:6)
  A scorpion (D:7)
  Dowan (D:4)
  3 wights
  2 electric eels (D:9)
  A howler monkey (D:6)
  7 crimson imps
  A bullfrog zombie (D:5)
  A jelly (D:6)
  A centaur skeleton (D:6)
  3 bullfrog skeletons
  5 orc priests
  3 hounds
  7 orc wizards
  Ijyb (D:4)
  Jessica (D:3)
  10 iguanas
  Natasha (thrice) (D:3)
  8 worker ants
  A mummy (Ossuary)
  Robin (D:2)
  A howler monkey zombie (D:9)
  5 gnolls
  4 adders
  2 shadow imps
  An ooze (D:4)
  2 adder zombies
  2 worms
  2 dart slugs
  3 leopard geckos
  31 orcs
  12 bats
  6 giant cockroaches
  15 goblins
  7 hobgoblins
  16 jackals
  9 kobolds
  4 quokkas
  2 ball pythons (D:2)
  7 frilled lizards
  5 gnoll skeletons (Ossuary)
  A jackal skeleton (D:4)
  6 kobold skeletons (Ossuary)
  A leopard gecko skeleton (D:4)
  2 leopard gecko zombies
  14 orc skeletons (Ossuary)
  8 rats
  A fungus (D:3)
  3 plants (D:10)
346 creatures vanquished.

Vanquished Creatures (collateral kills)
  Erica (D:10)
  An oklob plant (D:10)
  A gargoyle (D:9)
  3 spiny frogs
  2 rime drakes
  3 komodo dragons (Lair:1)
  A troll (D:10)
  3 blink frogs
  2 polar bears (IceCv)
  3 dream sheep
  2 hippogriffs
  A tarantella (Lair:2)
  13 yaks
  4 basilisks
  A hungry ghost (D:9)
  A water moccasin (Lair:4)
  A porcupine (Lair:4)
  An orc warrior (D:10)
  A sky beast (D:10)
  A black bear (Lair:1)
  3 wolves (IceCv)
  An ogre (D:10)
  A crocodile (Lair:2)
  A big kobold (D:9)
  4 bullfrogs
  A hound (D:10)
  3 orc wizards (D:10)
  2 iguanas (Lair:1)
  2 worker ants
  3 gnolls (D:9)
  A howler monkey skeleton (D:10)
  7 plants
75 creatures vanquished.

Vanquished Creatures (others)
  2 polar bears (IceCv)
  A wolf (IceCv)
  14 battlemagi
  An orc (D:4)
  3 fungi (D:6)
  3 plants
24 creatures vanquished.

Grand Total: 445 creatures vanquished

Notes
Turn   | Place    | Note
-------+----------+-------------------------------------------
     0 | D:1      | Flugkiller the Centaur Monk began the quest for the Orb.
     0 | D:1      | Reached XP level 1. HP: 19/19 MP: 1/1
    29 | D:1      | wtf is this starting vault
    29 | D:1      | got a shield and +1 gloves immediately
   228 | D:1      | Reached XP level 2. HP: 26/26 MP: 2/2
   385 | D:1      | Reached skill level 3 in Polearms
   637 | D:1      | Reached XP level 3. HP: 30/31 MP: 3/3
  1073 | D:2      | Noticed Sigmund
  1346 | D:2      | HP: 1/31 [Sigmund/scythe (14)]
  1349 | D:2      | Killed Sigmund
  1349 | D:2      | Reached XP level 4. HP: 1/41 MP: 4/4
  1349 | D:2      | Reached XP level 5. HP: 2/47 MP: 5/5
  1657 | D:2      | Reached skill level 4 in Polearms
  1775 | D:2      | Noticed Robin
  1791 | D:2      | Killed Robin
  2252 | D:3      | Noticed Jessica
  2255 | D:3      | Noticed Grinder
  2256 | D:3      | Killed Jessica
  2256 | D:3      | Reached XP level 6. HP: 53/53 MP: 6/6
  2499 | D:3      | Found a glowing golden altar of the Shining One.
  2501 | D:3      | Noticed Natasha
  2727 | D:3      | Paralysed by Grinder for 4 turns
  2748 | D:3      | Killed Natasha
  2776 | D:3      | Paralysed by Grinder for 6 turns
  2793 | D:3      | Killed Grinder
  2793 | D:3      | Reached skill level 5 in Polearms
  2793 | D:3      | Reached XP level 7. HP: 20/60 MP: 7/7
  2974 | D:3      | Noticed Natasha
  2984 | D:3      | Killed Natasha
  3085 | D:3      | Found an ancient bone altar of Kikubaaqudgha.
  3275 | D:3      | Found a runed door.
  3353 | D:4      | Noticed Ijyb
  3556 | D:4      | Paralysed by Ijyb for 4 turns
  3566 | D:4      | Paralysed by Ijyb for 3 turns
  3574 | D:4      | Paralysed by Ijyb for 6 turns
  3583 | D:4      | Killed Ijyb
  4053 | D:4      | Noticed a hand axe
  4053 | D:4      | Noticed Pikel
  4055 | D:4      | Noticed a hand axe
  4101 | D:4      | Killed Pikel
  4101 | D:4      | Reached skill level 6 in Polearms
  4101 | D:4      | Reached XP level 8. HP: 31/67 MP: 8/8
  4293 | D:4      | Found a hide-covered altar of Uskayaw.
  4373 | D:4      | Noticed Duvessa
  4373 | D:4      | Noticed Dowan
  4412 | D:4      | Killed Dowan
  4786 | D:4      | Killed Duvessa
  4786 | D:4      | Reached skill level 7 in Polearms
  5488 | D:5      | Entered Level 5 of the Dungeon
  5556 | D:5      | Found a staircase to the Ecumenical Temple.
  5629 | D:5      | Found a sand-covered staircase.
  5634 | Ossuary  | Entered an ossuary
  5793 | Ossuary  | Reached skill level 8 in Polearms
  6019 | Temple   | Entered the Ecumenical Temple
  6677 | D:5      | Reached skill level 1 in Armour
  6782 | D:6      | Found a blossoming altar of Fedhas.
  6784 | D:6      | Found a stormy altar of Qazlal.
  6801 | D:6      | Reached XP level 9. HP: 73/73 MP: 9/9
  7002 | D:6      | Found a white marble altar of Elyvilon.
  7240 | D:6      | Reached skill level 5 in Fighting
  7409 | D:6      | Found a basalt altar of Yredelemnul.
  8324 | D:7      | Reached skill level 9 in Polearms
  8367 | D:7      | Identified Batasu Xije's Collected Works on Intoxication
                  | and Changing
  8522 | D:7      | Reached skill level 5 in Shields
  9036 | D:7      | Found a bloodstained altar of Trog.
  9490 | D:3      | Noticed Natasha
  9493 | D:3      | Killed Natasha
 10050 | D:7      | Reached XP level 10. HP: 79/83 MP: 10/10
 10526 | D:8      | Found an iron altar of Okawaru.
 10526 | D:8      | Found a sacrificial altar of Ru.
 10660 | D:8      | Noticed a two-headed ogre
 10776 | D:8      | Killed a two-headed ogre
 10829 | D:8      | Reached skill level 10 in Polearms
 11038 | D:8      | Found a shimmering altar of Xom.
 11039 | D:8      | Found a hazy altar of Hepliaklqana.
 11076 | D:8      | Became a worshipper of Hepliaklqana the Forgotten
 11076 | D:8      | Reached * piety under Hepliaklqana
 11076 | D:8      | Reached ** piety under Hepliaklqana
 11077 | D:8      | Huemac? More like Bigmac
 11077 | D:8      | Remembered your ancestor Big Mac as a battlemage
 11424 | D:9      | Noticed Psyche
 11430 | D:9      | Killed Psyche
 11468 | D:9      | Noticed a gargoyle
 11477 | D:9      | Killed a gargoyle
 11542 | D:9      | Reached skill level 11 in Polearms
 11561 | D:9      | Found a sparkling altar of Nemelex Xobeh.
 11561 | D:9      | Found an opulent altar of Gozag.
 12106 | D:9      | Reached XP level 11. HP: 67/80 MP: 11/11
 12131 | D:9      | Noticed a three-headed hydra
 12239 | D:9      | Killed a three-headed hydra
 12239 | D:9      | Reached skill level 12 in Polearms
 12682 | D:9      | Upgraded the game from 0.23-a0-313-gf30bb39dab to
                  | 0.23-a0-316-g6773f7a52e
 12734 | D:10     | Entered Level 10 of the Dungeon
 12737 | D:10     | Noticed Erica
 13295 | D:10     | Noticed an oklob plant
 13400 | D:10     | Found a staircase to the Lair.
 13518 | D:10     | Killed Erica
 13518 | D:10     | Reached skill level 1 in Throwing
 13734 | D:10     | Reached *** piety under Hepliaklqana
 14275 | D:10     | Killed an oklob plant
 14275 | D:10     | Reached skill level 1 in Invocations
 14367 | Lair:1   | Entered Level 1 of the Lair of Beasts
 14590 | Lair:1   | Reached skill level 5 in Dodging
 14616 | Lair:1   | Reached skill level 5 in Armour
 15187 | Lair:1   | Noticed Sonja
 15476 | Lair:1   | Reached XP level 12. HP: 74/86 MP: 14/14
 15557 | Lair:1   | Reached skill level 13 in Polearms
 15564 | Lair:1   | Killed Sonja
 15850 | Lair:1   | You fall through a shaft!
 16288 | Lair:2   | Found a hole to the Spider Nest.
 16823 | Lair:3   | Reached **** piety under Hepliaklqana
 17446 | Lair:3   | Reached skill level 5 in Throwing
 17887 | Lair:4   | Reached skill level 5 in Invocations
 18042 | Lair:4   | Found a frozen archway.
 18049 | IceCv    | Entered an ice cave
 18144 | IceCv    | Reached skill level 14 in Polearms
 18356 | IceCv    | Noticed a death yak
 18434 | IceCv    | Killed a death yak
 18434 | IceCv    | Reached XP level 13. HP: 70/92 MP: 17/17
 18653 | IceCv    | Noticed a frost giant
 18779 | IceCv    | Killed from afar by a frost giant

Vault maps used:
D:1:      eino_arrival_druids_welcome
D:2:      skrybe_limestone_x, uniq_robin, uniq_sigmund
D:3:      old_standard_altar, lemuel_tele_altar, uniq_grinder,
          uniq_crazy_yiuf_cottage, uniq_jessica, uniq_natasha
D:4:      dancing_weapons_uskayaw, serial_glass, glass_columns_a,
          glass_columns_b, uniq_pikel, uniq_duvessa, uniq_ijyb
D:5:      temple_doors_e, first_ration, enter_ossuary_2
D:6:      kennysheep_ying_yang, grunt_temple_overflow_forces_of_nature,
          kennysheep_crisscross, nicolae_underground_beach
D:7:      lightli_temple_of_fire
D:8:      regret_index_temple_of_mockery, gammafunk_temple_overflow_statue
D:9:      grunt_temple_overflow_opulence, hangedman_ranch, st_stairs_4,
          minivault_14, uniq_psyche
D:10:     dpeg_oklobed_lair, uniq_erica
Temple:   jpeg_temple_island
Lair:1:   beast_lair_carwin_large_4, grunt_megastairs_5, uniq_sonja
Lair:2:   spider_nest_entry_rubble
Lair:3:   serial_forest, infiniplex_forest_zigzag_2, infiniplex_forest_split,
          infiniplex_forest_lined_ring, infiniplex_forest_end_2,
          infiniplex_forest_fountain, infiniplex_forest_end_2,
          infiniplex_forest_lined_corner, infiniplex_staircase_pool_2
Lair:4:   minmay_swamp_entry_reptiles, portal_ice_cave_rime,
          nicolae_quartered_pool_medium, grunt_megastairs_2
Ossuary:  ossuary_due_mausoleum
IceCv:    ice_cave_caverns_03

Skill      XL: |  1  2  3  4  5  6  7  8  9 10 11 12 |
---------------+-------------------------------------+-----
Polearms       | 3 4 5 6 8 9 11 12 14 | 14.0
Fighting       | 4 6 |  6.5
Dodging        | 3 4 5 6 |  6.3
Shields        | 2 3 4 5 |  5.0
Armour         | 1 3 4 5 6 |  6.3
Throwing       | 3 5 |  5.8
Invocations    | 3 5 |  5.9
Stealth        | |  1.3

Action                   |  1- 3 |  4- 6 |  7- 9 | 10-12 | 13-15 || total
-------------------------+-------+-------+-------+-------+-------++-------
Melee: Spear             |   141 |   100 |       |       |       ||   241
       Kick              |    24 |    31 |   165 |   268 |    25 ||   513
       Trident           |       |    29 |   655 |  1062 |    71 ||  1817
Invok: Ancestor Identity |       |       |       |     2 |       ||     2
       Recall Ancestor   |       |       |       |     6 |       ||     6
       Ancestor Life: Ba |       |       |       |     1 |       ||     1
       Idealise          |       |       |       |       |     1 ||     1
Evoke: Wand              |       |     3 |     4 |     9 |       ||    16
       Phial of floods   |       |       |       |     1 |       ||     1
  Use: Scroll            |       |     5 |    15 |     6 |       ||    26
       Potion            |       |       |     2 |     1 |       ||     3
 Stab: Sleeping          |       |     2 |     2 |     1 |       ||     5
       Distracted        |       |       |       |    10 |     2 ||    12
       Paralysed         |       |       |       |     3 |       ||     3
  Eat: Chunk             |     1 |     3 |    16 |    26 |     1 ||    47
       Ration            |       |       |     1 |     1 |       ||     2
Armor: Robe              |    56 |    27 |    55 |       |       ||   138
       Skin              |     3 |       |       |       |       ||     3
       Ring mail         |       |       |   124 |    52 |       ||   176
       Troll leather arm |       |       |       |   103 |    16 ||   119
Dodge: Dodged            |    49 |    21 |   129 |   179 |    12 ||   390
Block: Shield            |    25 |    17 |   188 |   258 |    14 ||   502

Table legend:
 A = Non-vault XP
 B = Vault XP
 C = Vault XP percentage of total XP
 D = Non-vault monster count
 E = Vault monster count
 F = Vault count percentage of total count
                 A         B        C        D         E       F
            +---------+---------+-------+---------+---------+-------
      Total |   21232 |   19425 |  47.8 |     287 |     120 |  29.5
            +---------+---------+-------+---------+---------+-------
        D:1 |      48 |       0 |   0.0 |      30 |       0 |   0.0
        D:2 |      69 |     259 |  79.0 |      24 |      14 |  36.8
        D:3 |     172 |     339 |  66.3 |      23 |       3 |  11.5
        D:4 |     236 |     878 |  78.8 |      19 |       4 |  17.4
        D:5 |     598 |       0 |   0.0 |      15 |       0 |   0.0
        D:6 |    1196 |       0 |   0.0 |      26 |       0 |   0.0
        D:7 |    1505 |       0 |   0.0 |      21 |       0 |   0.0
        D:8 |    2329 |       0 |   0.0 |      32 |       0 |   0.0
        D:9 |    1452 |    2891 |  66.6 |      20 |      11 |  35.5
       D:10 |    2116 |    1913 |  47.5 |      23 |       3 |  11.5
     Lair:1 |    3595 |    4439 |  55.3 |      17 |      20 |  54.1
     Lair:2 |     992 |     214 |  17.7 |       5 |       1 |  16.7
     Lair:3 |    4001 |       0 |   0.0 |      20 |       0 |   0.0
     Lair:4 |    2923 |     628 |  17.7 |      12 |       2 |  14.3
    Ossuary |       0 |     263 | 100.0 |       0 |      27 | 100.0
      IceCv |       0 |    7601 | 100.0 |       0 |      35 | 100.0
            +---------+---------+-------+---------+---------+-------
